 Dungeon Crawl Stone Soup version 0.17.0-26-gececa24 (console) character file.

13455 gw the Basher (level 11, -3/115 HPs)
             Began as a Deep Dwarf Fighter on Nov 19, 2015.
             Was a High Priest of Ru.
             Slain by an elephant (8 damage)
             ... on level 2 of the Lair of Beasts.
             The game lasted 00:15:36 (11056 turns).

gw the Basher (Deep Dwarf Fighter)                 Turns: 11056, Time: 00:15:36

Health: -3/115     AC: 19    Str: 26    XL:     11   Next: 75%
Magic:  0/0        EV:  3    Int:  8    God:    Ru [*****.]
Gold:   656        SH: 12    Dex: 15    Spells: 0 memorised, 10 levels left

rFire  . . .     SeeInvis .     b - +1 morningstar
rCold  . . .     Clarity  .     v - +0 plate armour
rNeg   . . .     SustAt   .     c - +0 shield
rPois  +         Gourm    .     (no helmet)
rElec  .         Spirit   .     (no cloak)
rCorr  .         Warding  .     s - +2 pair of gloves
rMut   .         Stasis   .     B - +1 pair of boots
MR     ++...                    G - amulet of Vitality {Regen+ HP+15}
Stlth  ..........               o - ring of protection from magic
                                n - ring of poison resistance

@: mighty, extremely horrified, non-regenerating, very resistant to hostile
enchantments, extremely unstealthy
A: damage resistance, recharge devices, sense surroundings 2, slow regeneration
3, no stealth, hated by all, cowardly, inability to train dodging, slow reflexes
1
a: Device Recharging, Draw Out Power, Power Leap, Apocalypse, Renounce Religion


You were on level 2 of the Lair of Beasts.
You worshipped Ru.
Ru was extremely pleased with you.
You were very hungry.

You visited 2 branches of the dungeon, and saw 13 of its levels.

You collected 656 gold pieces.

Inventory:

Hand Weapons
 b - a +1 morningstar (weapon)
Missiles
 h - 79 poisoned needles
 k - 134 stones
 t - 7 curare-tipped needles
 E - 8 needles of confusion
 F - 3 tomahawks (quivered)
Armour
 c - a +0 shield (worn)
 s - a +2 pair of gloves (worn)
 v - a +0 plate armour (worn)
 B - a +1 pair of boots (worn)
Jewellery
 n - a ring of poison resistance (left hand)
 o - a ring of protection from magic (right hand)
 G - the amulet of Vitality (around neck) {Regen+ HP+15}
   (You found it on level 2 of the Lair of Beasts)

   [amulet of regeneration]

   It affects your health (+15).
   It increases your rate of regeneration.
Wands
 d - a wand of frost (7)
 e - a wand of heal wounds (0)
 i - a wand of confusion (40)
 p - a wand of flame (12)
 u - a wand of teleportation (2)
 C - a wand of digging (10)
Scrolls
 a - 5 scrolls of identify
 j - 4 scrolls of remove curse
 y - a scroll of teleportation
 D - a scroll of blinking
Potions
 g - 7 potions of curing
 q - 2 potions of haste
Comestibles
 f - 8 bread rations
 l - 9 meat rations
 r - 2 slices of pizza
 w - 2 beef jerkies
 x - 3 fruits
 z - 7 royal jellies


   Skills:
 + Level 7.6 Fighting
 * Level 10.5 Maces & Flails
 + Level 7.1 Throwing
 + Level 9.0 Armour
 + Level 8.9 Shields
 + Level 6.6 Evocations


You had 10 spell levels left.
You didn't know any spells.

Dungeon Overview and Level Annotations

Branches:
Dungeon (11/15)            Temple (0/1) D:4            Lair (2/8) D:9
    Orc: D:9-12

Altars:
Cheibriados
Dithmenos
Gozag
Makhleb
Nemelex Xobeh
Okawaru
Ru
Xom

Shops:
D:4 *   D:11 *

Annotations:
D:6 Prince Ribbit
D:8 exclusion: downstairs
D:9 4 runed doors


Innate Abilities, Weirdness & Mutations

You are resistant to damage.
You can recharge devices by infusing magical energy.
You passively map the area around you.
You do not regenerate naturally.
You cannot be stealthy.
You are hated by all.
Your cowardice makes you less effective in combat with threatening monsters.
You cannot train Dodging skill.
You have somewhat slow reflexes. (-3 EV)


Message History

The porcupine bites you but does no damage.
The elephant tramples you!
You stumble backwards!
ATTACK MOVE TO (1,0)
You thump the elephant!
The elephant is heavily wounded.
The porcupine stops glowing.
The elephant tramples you.
You stumble backwards!
ATTACK MOVE TO (1,0)
You puncture the elephant!
The elephant is severely wounded.
The elephant tramples you but does no damage.
The elephant trunk-slaps you but does no damage.
You redirect the porcupine's attack!
The porcupine bites itself!
The porcupine dies!
ATTACK MOVE TO (0,1)
You bludgeon the elephant!!
The elephant is moderately wounded.
You block the elephant's attack. The elephant barely misses you.
The elephant tramples you!
You die...

###### ### ####
#####.##.#######.#####.#P.****
#....................(.... ,
#...>.....................
#........"...............(
#.............Y.......((.. ,
#............gY.......<...
#............YY.%..$...... ,
#........#######.#P(P.####
#......### ######## #......##
#......P# #......###
#......#.# #.....<.#


You could see 4 elephants.

Table legend:
 A = Turns spent in this place as a percentage of turns spent in the entire game.
 B = Non-inter-level travel turns spent in this place as a percentage of non-inter-level travel turns spent in the entire game.
 C = Inter-level travel turns spent in this place as a percentage of turns spent in this place.
 D = Turns resting spent in this place as a percentage of non-inter-level travel turns spent in this place.
 E = Turns spent auto-exploring this place as a percentage of non-inter-level travel turns spent in this place.
 F = Non-inter-level travel turns spent in this place divided by the number of levels of this place that you've seen.
                   A       B       C       D       E      F
               +-------+-------+-------+-------+-------+----------------------
         Total | 100.0 | 100.0 |   0.4 |   0.0 |   2.0 | 1784.8
       Dungeon |  90.6 |  90.6 |   0.4 |   0.0 |   2.0 | 1911.2
          Lair |   9.4 |   9.4 |   0.3 |   0.0 |   2.2 | 1089.5
               +-------+-------+-------+-------+-------+----------------------

Table legend:
 A = Kills in this place as a percentage of kills in entire the game.
 B = Kills by you in this place as a percentage of kills by you in the entire game.
 C = Kills by friends in this place as a percentage of kills by friends in the entire game.
 D = Other kills in this place as a percentage of other kills in the entire game.
 E = Experience gained in this place as a percentage of experience gained in the entire game.
 F = Experience gained in this place divided by the number of levels of this place that you have seen.
                   A       B       C       D       E      F
               +-------+-------+-------+-------+-------+----------------------
         Total | 100.0 | 100.0 |  -nan | 100.0 | 100.0 | 1478.6
       Dungeon |  93.5 |  93.8 |  -nan |  66.7 |  78.9 | 1378.6
          Lair |   6.5 |   6.2 |  -nan |  33.3 |  21.1 | 2028.5
               +-------+-------+-------+-------+-------+----------------------

Vanquished Creatures
  Snorg (D:10)
  An unseen horror (D:11)
  A centaur zombie (D:11)
  2 elephants (Lair:2)
  A cyclops (D:9)
  A black mamba (Lair:2)
  A queen bee (D:8)
  2 trolls
  A two-headed ogre (D:10)
  The ghost of jw the Cutter, an amateur OpBe of Trog (D:4)
  3 blink frogs (Lair:1)
  2 deep elf magi
  A wyvern (D:7)
  Sigmund (D:4)
  5 yaks (D:10)
  A deep elf fighter (D:9)
  4 hippogriffs
  3 basilisks
  A water moccasin (Lair:1)
  4 ice beasts
  2 porcupines (Lair:1)
  4 slaves (D:7)
  3 sky beasts
  2 black bears (D:7)
  5 orc warriors
  2 phantoms
  5 ogres
  The ghost of jw the Cutter, an amateur OpBe of Trog (D:3)
  A centaur (D:11)
  2 big kobolds
  2 crocodiles (Lair:1)
  6 giant frogs
  3 scorpions
  27 killer bees
  4 jellies
  An orc priest (D:10)
  3 giant frog skeletons
  A quasit (D:9)
  A centaur skeleton (D:8)
  3 crimson imps
  4 hounds
  3 iguanas
  9 worker ants
  8 orc wizards
  A hound zombie (D:5)
  2 hound skeletons
  4 gnolls (D:2)
  5 river rats (D:9)
  13 adders
  A shadow imp (D:7)
  An ooze (D:1)
  2 adder skeletons
  2 adder zombies
  A worm (D:3)
  2 giant geckos
  24 orcs
  16 bats
  8 goblins
  10 hobgoblins
  19 jackals
  6 quokkas
  A ball python (D:5)
  8 giant cockroaches
  A giant gecko zombie (D:5)
  2 giant newts
  A jackal skeleton (D:4)
  14 kobolds
  11 rats
  A fire vortex (Lair:1)
  A fungus (D:9)
296 creatures vanquished.

Vanquished Creatures (others)
  A hill giant (D:11)
  Pikel (D:7)
  A porcupine (Lair:2)
  3 killer bees
  2 fungi
8 creatures vanquished.

Grand Total: 304 creatures vanquished

Notes
Turn   | Place    | Note
--------------------------------------------------------------
     0 | D:1      | gw the Deep Dwarf Fighter began the quest for the Orb.
     0 | D:1      | Reached XP level 1. HP: 20/20 MP: 1/1
    98 | D:1      | Reached XP level 2. HP: 25/28 MP: 2/2
   632 | D:2      | Reached XP level 3. HP: 27/34 MP: 3/3
   658 | D:2      | Reached skill level 1 in Throwing
   658 | D:2      | Reached skill level 1 in Evocations
   658 | D:2      | Reached XP level 4. HP: 22/42 MP: 4/4
   988 | D:2      | Found an iron altar of Okawaru.
  1351 | D:3      | Found a sacrificial altar of Ru.
  1358 | D:3      | Found a shadowy altar of Dithmenos.
  1358 | D:3      | Found a sparkling altar of Nemelex Xobeh.
  1361 | D:3      | Became a worshipper of Ru the Awakened
  1519 | D:3      | Noticed jw's ghost (amateur OpBe)
  1526 | D:3      | Killed jw's ghost
  1526 | D:3      | Reached XP level 5. HP: 43/49 MP: 5/5
  1624 | D:3      | Reached skill level 4 in Shields
  2270 | D:3      | Reached XP level 6. HP: 45/57 MP: 5/5
  2735 | D:3      | Gained mutation: You cannot be stealthy. [Ru sacrifice]
  2832 | D:4      | Found Naobbe's Assorted Antiques.
  2889 | D:4      | Noticed jw's ghost (amateur OpBe)
  2901 | D:4      | Killed jw's ghost
  3201 | D:4      | Reached XP level 7. HP: 44/64 MP: 6/6
  3235 | D:4      | Found a burning altar of Makhleb.
  3251 | D:4      | Found a shimmering altar of Xom.
  3291 | D:4      | Noticed Sigmund
  3301 | D:4      | Killed Sigmund
  3450 | D:4      | Reached skill level 5 in Maces & Flails
  3518 | D:4      | Found a staircase to the Ecumenical Temple.
  3772 | D:5      | Entered Level 5 of the Dungeon
  3916 | D:5      | Reached skill level 5 in Armour
  4248 | D:5      | Reached XP level 8. HP: 51/73 MP: 7/7
  4522 | D:5      | Reached skill level 5 in Shields
  4627 | D:5      | Gained mutation: You are hated by all. [Ru sacrifice]
  4627 | D:5      | Reached * piety under Ru
  4627 | D:5      | Reached ** piety under Ru
  5080 | D:6      | Reached skill level 5 in Fighting
  5080 | D:6      | Reached skill level 6 in Maces & Flails
  5300 | D:6      | Noticed Prince Ribbit
  5657 | D:7      | Gained mutation: You passively map the area around you. [Deep Dwarf growth]
  5657 | D:7      | Reached XP level 9. HP: 44/81 MP: 5/5
  5713 | D:7      | Reached skill level 7 in Maces & Flails
  5830 | D:7      | Noticed Pikel
  6005 | D:7      | Killed Pikel
  6335 | D:7      | Found a snail-covered altar of Cheibriados.
  6525 | D:8      | Found a burning altar of Makhleb.
  6700 | D:8      | Reached skill level 8 in Maces & Flails
  6700 | D:8      | Reached skill level 5 in Throwing
  6893 | D:8      | Reached XP level 10. HP: 63/92 MP: 2/2
  6930 | D:8      | Gained mutation: You have somewhat slow reflexes. (-3 EV) [Ru sacrifice]
  7481 | D:9      | Noticed a cyclops
  7495 | D:9      | Killed a cyclops
  7697 | D:9      | Found a huge runed gate.
  7755 | D:9      | Found an opulent altar of Gozag.
  7767 | D:9      | Found a huge runed gate.
  7768 | D:9      | Noticed a griffon
  7820 | D:9      | Found a staircase to the Lair.
  7942 | D:9      | Found a huge runed gate.
  7943 | D:9      | Found a huge runed gate.
  7944 | D:9      | Noticed a griffon
  8184 | D:10     | Entered Level 10 of the Dungeon
  8184 | D:10     | Noticed Snorg
  8227 | D:10     | Killed Snorg
  8227 | D:10     | Reached skill level 9 in Maces & Flails
  9000 | D:10     | Gained mutation: You cannot train Dodging skill. [Ru sacrifice]
  9000 | D:10     | Reached *** piety under Ru
  9062 | D:10     | Reached XP level 11. HP: 71/99 MP: 1/1
  9080 | D:10     | Reached skill level 5 in Evocations
  9300 | D:11     | Noticed an unseen horror
  9313 | D:11     | Killed an unseen horror
  9420 | D:11     | Found Sosuazuf's Demolitions Depot.
  9847 | D:11     | Noticed a hill giant
  9861 | D:11     | Killed a hill giant
  9861 | D:11     | Reached skill level 10 in Maces & Flails
 10131 | Lair:1   | Entered Level 1 of the Lair of Beasts
 10932 | Lair:2   | Gained mutation: Your cowardice makes you less effective in combat with threatening monsters. [Ru sacrifice]
 10932 | Lair:2   | Reached **** piety under Ru
 10932 | Lair:2   | Reached ***** piety under Ru
 11053 | Lair:2   | HP: 5/115 [elephant (11)]
 11056 | Lair:2   | Slain by an elephant

Action                   |  1- 3 |  4- 6 |  7- 9 | 10-12 || total
-------------------------+-------+-------+-------+-------++-------
Melee: Flail             |   102 |   165 |   400 |       ||   667
       Morningstar       |       |       |   230 |   638 ||   868
Throw: Stone             |    19 |   109 |   124 |   201 ||   453
       Tomahawk          |       |       |    27 |    27 ||    54
Invok: Sacrifice Stealth |       |     1 |       |       ||     1
       Sacrifice Love    |       |       |     1 |       ||     1
       Draw Out Power    |       |       |       |     1 ||     1
       Sacrifice Health  |       |       |       |     1 ||     1
       Sacrifice Nimblen |       |       |       |     1 ||     1
       Sacrifice Courage |       |       |       |     1 ||     1
 Abil: Device Recharging |       |     1 |     8 |     6 ||    15
Evoke: Wand              |     3 |     6 |    53 |    31 ||    93
  Use: Potion            |     2 |     4 |     5 |     7 ||    18
       Scroll            |     2 |     3 |    11 |    12 ||    28
 Stab: Invisible         |       |       |     6 |     6 ||    12
       Distracted        |       |       |     1 |     1 ||     2
  Eat: Chunk             |       |     7 |    13 |    11 ||    31
       Bread ration      |       |       |       |     1 ||     1

Vault maps used:
D:1:      shiori_arrival_elements
D:2:      first_bread, okawaru_ov_weapons_minmay
D:3:      grunt_temple_overflow_open
D:4:      grunt_temple_overflow_champion_of_chaos,
          minmay_temple_entry_nine_rooms, serial_shops,
          nicolae_shop_behind_doors, minivault_1, uniq_sigmund
D:6:      uniq_prince_ribbit1
D:7:      lemuel_round_altar, uniq_pikel
D:8:      basic_altar, david_nohive_1
D:9:      lemuel_bear_cage, nicolae_gozag_seed_capital,
          grunt_lair_entry_elf_guard_hut
D:10:     serial_glass, glass_columns_a, glass_columns_b, glass_columns_c,
          glass_columns_a, minmay_orc_keep, uniq_snorg
D:11:     nicolae_blasting_shop
Lair:2:   lab_entry_generic, infiniplex_staircase_pool_2, uniq_fannar
